 Dungeon Crawl Stone Soup version 0.27.0-1-g7a089689b8 (webtiles) character file.

Game seed: 4650774307935224354

7 Spectrina the Sneak (level 1, -1/13 HPs)
             Began as a Deep Elf Delver on July 31, 2021.
             Was an Initiate of Gozag.
             Slain by a rat (3 damage)
             ... on level 2 of the Dungeon.
             The game lasted 00:03:18 (343 turns).

Spectrina the Sneak (Deep Elf Delver)                Turns: 343, Time: 00:03:19

Health: -1/13      AC:  3    Str:  9    XL:     1   Next: 91%
Magic:  5/5        EV: 12    Int: 14    God:    Gozag
Gold:   64         SH:  0    Dex: 16    Spells: 4/4 levels left

rFire    . . .     SeeInvis .   a - +0 quarterstaff
rCold    . . .     Faith    .   (shield currently unavailable)
rNeg     . . .     Spirit   .   k - +0 leather armour
rPois    .         Reflect  .   (no helmet)
rElec    .         Harm     .   (no cloak)
rCorr    .         Rampage  .   (no gloves)
Will     .....                  (no boots)
Stlth    +++.......             (no amulet)
HPRegen  0.04/turn              (no ring)
MPRegen  0.09/turn              (no ring)

@: no status effects
A: no striking features
a: Renounce Religion, Potion Petition, Call Merchant, Bribe Branch


You were on level 2 of the Dungeon.
You worshipped Gozag.
Gozag was noncommittal.
You visited 1 branch of the dungeon, and saw 4 of its levels.

You collected 73 gold pieces.
You paid 9 gold pieces to Gozag.

Inventory:

Hand Weapons
 a - a +0 quarterstaff (weapon)
 b - a +0 dagger
 o - a +0 short sword
Missiles
 h - 56 stones (quivered)
 l - 23 bolts
Armour
 k - a +0 leather armour (worn)
 p - a +0 pair of gloves
Wands
 g - a wand of digging (3)
Scrolls
 c - a scroll of fog
 d - a scroll of magic mapping
 e - a scroll of fear
 j - a scroll of enchant weapon {unknown}
 m - a scroll of teleportation {unknown}
Potions
 f - 2 potions of attraction {unknown}
 i - a potion of magic {unknown}
 n - a potion of degeneration {unknown}


   Skills:
 - Level 2.4 Fighting
 - Level 2.0 Short Blades
 - Level 2.4 Dodging
 - Level 6.0 Stealth
 + Level 2.2 Spellcasting


You had 4 spell levels left.
You didn't know any spells.
Your spell library was empty.

Dungeon Overview and Level Annotations

Branches:
Dungeon (5/15)
 Temple: D:4-7

Altars:
Fedhas
Gozag
Qazlal

Shops:
D:2 !   D:3 [


Message History

The wyvern skeleton bites you but does no damage.
The wyvern skeleton bites you!
Ouch! That really hurt!
* * * LOW HITPOINT WARNING * * *
Okay, then.
You feel yourself speed up. The wyvern skeleton closely misses you.
Unknown command.
There is a stone staircase leading up here.
You climb upwards.
A quokka comes into view.
Found 7 gold pieces.
There is a stone staircase leading down here.
Unknown command.
You hit the quokka.
The quokka is moderately wounded.
The quokka bites you.
* * * LOW HITPOINT WARNING * * *
A quokka comes into view.
Found a leather armour.
The helpless quokka fails to defend itself.
You impale the quokka!!
You kill the quokka!
Things that are here:
6 gold pieces; a +0 leather armour
Found 2 bubbling black potions.
A rat comes into view.
Found a pair of gloves.
You see here 2 bubbling black potions.
f - 2 bubbling black potions You see here a +0 pair of gloves.
p - a +0 pair of gloves Your extra speed is starting to run out.
Found Acesifin's Distillery.
You feel yourself slow down. The rat bites you but does no damage.
a - a +0 quarterstaff (weapon)
You closely miss the rat. The rat closely misses you.
You barely miss the rat. The rat bites you.
You die...
Your body crumbles into a pile of gold.

#.................#$...
#..###.....##.#####....
#..###.....##.# #r...
#..#..........#####.###
#..#.#.....#...........
#..#.#........#####.##.
#..#.###.####.# #.#
#..#.###.####.# #.# .
#.....@r......#####.##.
##.....................
##.∩#####.#######..>..
##.# # #..### #.# #..#
#.. #.$# #..# #.## #...
##


You could see a rat.

Vanquished Creatures
  A goblin (D:3)
  A hobgoblin (D:3)
  A quokka (D:2)
  2 bats (D:3)
  3 frilled lizards (D:3)
8 creatures vanquished.

Notes
Turn   | Place    | Note
-------+----------+-------------------------------------------
     0 | D:5      | Spectrina the Deep Elf Delver began the quest for the Orb.
     0 | D:5      | Reached XP level 1. HP: 13/13 MP: 3/3
     1 | D:5      | Found a stormy altar of Qazlal.
    19 | D:5      | Found an opulent altar of Gozag.
    30 | D:5      | Became a worshipper of Gozag Ym Sagoz the Greedy
   124 | D:3      | Found a faded altar of an unknown god.
   176 | D:3      | Reached skill level 1 in Spellcasting
   255 | D:3      | Found Quneusil's Antique Armour Shop.
   332 | D:2      | Found Acesifin's Distillery.
   343 | D:2      | Slain by a rat

Illustrated notes

Levels and vault maps discovered:
D:2:      layout_loops_ring, serial_shops, shop, kennysheep_big_empty_room,
          uniq_jessica
D:3:      layout_basic, shapermc_ecumenical_altar_petra, serial_shops, shop,
          shop, nicolae_shop_behind_doors, nicolae_lakefront_shop
D:4:      layout_loops_corners, lemuel_blue_sif_altar, uniq_natasha, uniq_purgy
D:5:      layout_loops_ring, grunt_temple_overflow_forces_of_nature,
          kennysheep_little_box, grunt_temple_overflow_diamond

Skill      XL: |  1 |
---------------+----+-----
Spellcasting   | 2 |  2.2
Fighting       | |  2.4
Short Blades   | |  2.0
Dodging        | |  2.4
Stealth        | |  6.0

Action                   || total
-------------------------++-------
Melee: Short sword       ||    11
       Dagger            ||     9
       Quarterstaff      ||     2
  Use: Potion            ||     1
 Stab: Sleeping          ||     4
Armor: Leather armour    ||     6
Dodge: Dodged            ||     8
